 Dungeon Sprint DCSS version 0.22.1-1-ga44c0e56f4 (webtiles) character file.

814 MuseOD the Spear-Bearer (level 7, -26/67 HPs)
             Began as a Merfolk Berserker on Oct 5, 2018.
             Was a Priest of Trog.
             Annihilated by a tyrant leech (33 damage)
             ... in the Dungeon (Sprint II: "The Violet Keep of Menkaure").
             The game lasted 00:01:00 (674 turns).

MuseOD the Spear-Bearer (Merfolk Berserker)          Turns: 674, Time: 00:01:00

Health: -26/67     AC:  2    Str: 19    XL:     7   Next: 93%
Magic:  7/7        EV: 19    Int:  6    God:    Trog [***...]
Gold:   486        SH:  0    Dex: 14    Spells: 6/6 levels left

rFire    . . .     SeeInvis .   a - +0 spear
rCold    . . .     Gourm    .   (no shield)
rNeg     . . .     Faith    .   b - +0 animal skin
rPois    .         Spirit   .   (no helmet)
rElec    .         Reflect  .   (no cloak)
rCorr    .         Harm     .   (no gloves)
MR       ++...     NoTele   +   (no boots)
Stlth    +.........             (no amulet)
HPRegen  1.21/turn              (no ring)
MPRegen  0.10/turn              (no ring)

@: berserk cooldown, regenerating, slowed, very slow
A: change form in water, swift swim, stealthy swim
a: Berserk, Trog's Hand, Renounce Religion


You were in the Dungeon.
You worshipped Trog.
Trog was most pleased with you.
You were not hungry.

You visited 1 branch You collected 486 gold pieces.

Inventory:

Hand Weapons
 a - a +0 spear (weapon)
Armour
 b - a +0 animal skin (worn)
Scrolls
 i - a scroll of blinking
Potions
 d - a potion of curing
 e - a potion of heal wounds
 f - a potion of haste
 g - 2 potions of magic
 h - a potion of berserk rage


   Skills:
 + Level 10.4 Fighting
 + Level 13.1 Polearms
 + Level 6.1 Armour
 + Level 10.4 Dodging


You had 6 spell levels left.
You didn't know any spells.
Your spell library was empty.

Dungeon Overview and Level Annotations

Branches:
Dungeon (1/1)

Altars:

Shops:
D ![}!(:%=(:=

Annotations:
D Kirke, Menkaure


Message History

The tyrant leech draws strength from your injuries!
Menkaure, Prince of Dust comes into view.
Found 81 gold pieces.
Menkaure shouts!
Menkaure gestures wildly while chanting.
Menkaure seems to speed up.
A kobold demonologist and Kirke come into view.
Kirke shouts!
The kobold demonologist shouts!
You hear a trumpeting!
You hear an angry squeal.
A centaur warrior comes into view.
The centaur warrior shouts!
You hear an angry squeal.
A hell hog comes into view.
A yaktaur captain comes into view.
The hell hog moves out of view.
You hear a trumpeting!
The tyrant leech bites you!!
* * * LOW HITPOINT WARNING * * *
The tyrant leech draws strength from your injuries!
The lava snake hisses angrily. x2
You open the door. The tyrant leech bites you!!
You die...

+#### §§§§## §§§§§##
# S§§§≈≈# ch####
§§§≈§ cc.≈## §§≈
########K≈#+++#+++##
#######≈≈@.ww@.....#
.....∩#≈≈≈≈.##'##..#
....∩.#≈≈≈M##.#.##
...∩.∩#≈≈≈≈#.. ..#
∩.∩.∩.#≈≈####.#$####
.∩.∩..#≈##. #'# #.#
∩.∩...#≈#...##.##.#
.⌠....+≈+ #†.<.'##
......#≈#...##.##.#


You could see Kirke, 2 tyrant leeches, a kobold demonologist, Menkaure and a
lava snake.

Vanquished Creatures
  2 hippogriffs (D)
  4 necrophages (D)
  4 worker ants (D)
10 creatures vanquished.

Notes
Turn   | Place    | Note
-------+----------+-------------------------------------------
     0 | D        | MuseOD the Merfolk Berserker began the quest for the Orb.
     0 | D        | Reached XP level 1. HP: 18/18 MP: 1/1
     1 | D        | Noticed a worker ant
     1 | D        | Noticed a worker ant
    10 | D        | Killed a worker ant
    10 | D        | Reached skill level 5 in Fighting
    10 | D        | Reached skill level 6 in Polearms
    10 | D        | Reached XP level 2. HP: 17/27 MP: 2/2
    10 | D        | Reached XP level 3. HP: 20/33 MP: 3/3
    13 | D        | Reached skill level 7 in Polearms
    16 | D        | Reached ** piety under Trog
    16 | D        | Reached skill level 8 in Polearms
    16 | D        | Reached XP level 4. HP: 24/41 MP: 4/4
    19 | D        | Reached skill level 9 in Polearms
   299 | D        | Noticed a hippogriff
   299 | D        | Noticed a hippogriff
   313 | D        | Killed a hippogriff
   313 | D        | Reached skill level 11 in Polearms
   313 | D        | Reached XP level 5. HP: 27/51 MP: 5/5
   313 | D        | Reached XP level 6. HP: 30/57 MP: 6/6
   320 | D        | HP: 3/85 [hippogriff (5)]
   321 | D        | Killed a hippogriff
   321 | D        | Reached skill level 12 in Polearms
   321 | D        | Reached skill level 5 in Armour
   321 | D        | Reached XP level 7. HP: 3/64 MP: 7/7
   627 | D        | Reached *** piety under Trog
   628 | D        | Reached skill level 10 in Fighting
   634 | D        | Reached skill level 10 in Dodging
   637 | D        | Reached skill level 13 in Polearms
   639 | D        | Noticed a tyrant leech
   639 | D        | Noticed a tyrant leech
   659 | D        | Found Zattium's Food Emporium.
   660 | D        | Found Rumn's Antique Weapon Emporium.
   660 | D        | Found Noesu's Distillery.
   661 | D        | Found Kesh's Gadget Shoppe.
   661 | D        | Found Tikuk's Jewellery Emporium.
   661 | D        | Found Umiotaipti's Book Shoppe.
   662 | D        | Found Aleff's Antique Armour Shoppe.
   662 | D        | Found Etoalo's Weapon Emporium.
   662 | D        | Found Ustitsan's Distillery.
   662 | D        | Found Useraip's Jewellery Shoppe.
   663 | D        | Found Ykhlor's Book Shoppe.
   665 | D        | Noticed Menkaure
   670 | D        | Noticed Kirke
   670 | D        | Noticed a kobold demonologist
   671 | D        | Noticed a centaur warrior
   671 | D        | Noticed a hell hog
   671 | D        | Noticed a yaktaur captain
   672 | D        | HP: 3/67 [tyrant leech (24)]
   674 | D        | Annihilated by a tyrant leech

Skill      XL: |  1  2  3  4  5  6  7 |
---------------+----------------------+-----
Fighting       | 5 6 8 9 10 | 10.4
Polearms       | 6 8 11 12 13 | 13.1
Armour         | 2 4 5 6 |  6.1
Dodging        | 3 4 7 8 10 | 10.4

Action                   |  1- 3 |  4- 6 |  7- 9 || total
-------------------------+-------+-------+-------++-------
Melee: Spear             |    12 |    24 |    19 ||    55
Invok: Berserk           |     1 |     1 |     1 ||     3
       Trog's Hand       |       |       |     1 ||     1
  Eat: Ration            |       |       |     1 ||     1
Armor: Animal skin       |     1 |     2 |       ||     3
Dodge: Dodged            |     7 |    12 |     9 ||    28
